 Dungeon Crawl Stone Soup version 0.31.0-9-g3a7656b989 (webtiles) character file.

Game seed: 13163998276484898814

1477 Killerpretzel the Thaumaturge (level 8, -2/41 HPs)
             Began as a Deep Elf Conjurer on Jan 24, 2024.
             Was a Follower of Vehumet.
             Slain by a hornet (10 damage)
             ... on level 8 of the Dungeon.
             The game lasted 00:41:25 (6691 turns).

Killerpretzel the Thaumaturge (Deep Elf Conjurer)   Turns: 6691, Time: 00:41:25

Health: -2/41      AC:  3    Str:  4    XL:     8   Next: 49%
Magic:  19/23      EV: 16    Int: 26    God:    Vehumet [*.....]
Gold:   342        SH:  5    Dex: 13    Spells: 14/25 levels left

rFire   . . .        z - +7 Spriggan's Knife {stab, EV+4 Stlth+}
rCold   . . .        (no shield)
rNeg    . . .        a - +1 robe
rPois   .            (no helmet)
rElec   .            (no cloak)
rCorr   .            (no gloves)
SInv    +            (no boots)
Will    .....        e - amulet of reflection
Stlth   +++          k - ring of see invisible
HPRegen 0.26/turn    j - ring of wizardry
MPRegen 0.18/turn

%: reflection, wizardry (x1)
@: no status effects
A: no striking features
a: Renounce Religion


You were on level 8 of the Dungeon.
You worshipped Vehumet.
Vehumet was aware of your devotion.
You visited 2 branches of the dungeon, and saw 9 of its levels.

You collected 342 gold pieces.

Inventory:

Hand Weapons
 f - a +2 dagger of electrocution
 n - a +0 dagger
 o - a +0 whip of electrocution
 y - a +0 dagger of draining
 z - the +7 Spriggan's Knife (weapon) {stab, EV+4 Stlth+}
   (You found it on level 4 of the Dungeon)

   Stab:      It is more effective when stabbing unaware enemies, sometimes
   treating them as though they were completely helpless.
   EV+4:      It affects your evasion (+4).
   Stlth+:    It makes you more stealthy.
 B - a +1 falchion of draining
 F - a +2 dagger of draining
Missiles
 u - 11 boomerangs
 w - 6 throwing nets
Armour
 a - a +1 robe (worn)
 d - a +0 robe
 m - a +1 ring mail of fire resistance
Magical Staves
 K - a staff of cold
Jewellery
 e - an amulet of reflection (around neck)
 j - a ring of wizardry (right hand)
 k - a ring of see invisible (left hand)
 x - an amulet of guardian spirit
Talismans
 c - a serpent talisman
 t - a blade talisman
 v - a granite talisman
Wands
 A - a wand of digging (1)
 J - a wand of light (8)
Scrolls
 i - a scroll of enchant weapon {unknown}
 l - a scroll of immolation
 p - 4 scrolls of poison
 q - a scroll of vulnerability
 r - 7 scrolls of identify
 E - a scroll of fog {unknown}
 G - a scroll of torment
 L - a scroll of teleportation {unknown}
Potions
 b - 3 potions of magic
 g - 2 potions of mutation
 h - 2 potions of curing {unknown}
 s - a potion of resistance {unknown}
 C - 2 potions of lignification {unknown}
 D - a potion of might {unknown}
 H - 2 potions of haste {unknown}
 I - 3 potions of attraction {unknown}


   Skills:
 + Level 0.2 Fighting
 - Level 2.5 Dodging
 * Level 4.0 Stealth
 + Level 0.4 Shields
 * Level 9.4 Spellcasting
 * Level 9.3 Conjurations
 + Level 1.0 Translocations


You had 14 spell levels left.
You knew the following spells:

 Your Spells              Type           Power      Damage    Failure   Level
a - Magic Dart            Conj           100%       1d8       1%          1
b - Searing Ray           Conj           100%       2d8       1%          2
c - Iskenderun's Mystic   Conj/Tloc      39%        2d9       2%          4
d - Fulminant Prism       Conj/Alch      18%        3d10      2%          4

Your spell library contained the following spells:

 Spells                   Type           Power      Damage    Failure   Level
 Kiss of Death            Conj/Necr      100%       2d13      1%          1
 Stone Arrow              Conj/Erth      72%        3d11      1%          3
 Jinxbite                 Hex            24%        N/A       3%          2
 Animate Armour           Summ/Erth      24%        N/A       19%         4
 Yara's Violent Unravell  Hex/Alch       6%         3d5       45%         5
 Enfeeble                 Hex            6%         N/A       100%        7
 Lehudib's Crystal Spear  Conj/Erth      18%        10d5      100%        8


Dungeon Overview and Level Annotations

Branches:
Dungeon (8/15)             Temple (1/1) D:5
   Lair: D:8-11

Altars:
Ashenzari
Cheibriados
Dithmenos
Elyvilon
Fedhas
Gozag
Hepliaklqana
Kikubaaqudgha
Makhleb
Nemelex Xobeh
Okawaru
Qazlal
Ru
Sif Muna
Trog
Uskayaw
Vehumet
Wu Jian
Xom
Yredelemnul
The Shining One

Shops:
D:2 *   D:4 (   D:5 :

Annotations:
D:5 1 exclusion, Edmund, Sigmund
D:6 exclusions: gnoll, gnoll bouda, orc wizard and 8 more exclusions
D:7 exclusion: sky beast


Message History

Casting: Magic Dart (safe; 1% risk of failure)
Confirm with . or Enter, or press ? or * to list all spells.
Aiming: Magic Dart (safe; 1% risk of failure)
Press: ? - help, Shift-Dir - straight line, f/p - steam dragon
Aim: a steam dragon (moderately wounded, 100% to hit)
The magic dart hits the steam dragon but does no damage.
The steam dragon is moderately wounded.
The steam dragon breathes steam at you. The ball of steam hits you!
You hear a shout! x7
You are engulfed in a cloud of scalding steam.
You are engulfed in a cloud of scalding steam.
Casting: Magic Dart (safe; 1% risk of failure)
Confirm with . or Enter, or press ? or * to list all spells.
Aiming: Searing Ray (safe; 1% risk of failure)
Press: ? - help, Shift-Dir - straight line, f/p - steam dragon
Aim: a steam dragon (moderately wounded, catching its breath, 83% to hit)
The searing ray hits the steam dragon.
The steam dragon is heavily wounded. (Press . to maintain the ray.)
The searing ray misses the steam dragon.
The steam dragon breathes steam at you. The ball of steam misses you.
There is a stone staircase leading down here.
You are engulfed in a cloud of scalding steam.
You climb downwards.
Found 3 stones.
Found a stone staircase leading up.
There is a stone staircase leading up here.
A gnoll comes into view. It is wielding a +0 club.
The electric eel shoots out a bolt of lightning at you!
The bolt of electricity misses you.
The gnoll shouts!
The gnoll shouts!
A hornet comes into view.
The electric eel shoots out a bolt of lightning at you!
The bolt of electricity hits you!
* * * LOW HITPOINT WARNING * * *
The hornet moves out of view.
You closely miss the hornet. The hornet stings you!
You die...

.##..........~~P
...#........S~~
#.#........P
#........###~P
##....<.......
#.............
##..##.......##
...#.....##....##
.......@## ....g#
..##...y.# ......P
#........#.....P
...........##..g.~
.#............gP~P
###..........
......####..
.......# ..


You could see a hornet.

Vanquished Creatures
  2 water moccasins (D:7)
  An ice beast (D:6)
  2 ogres
  A black bear (D:6)
  A sky beast (D:7)
  A centaur (D:7)
  A howler monkey (D:6)
  3 bombardier beetles
  3 orc priests (D:5)
  A gnoll bouda (D:5)
  A hound (D:7)
  2 jellies
  Natasha (thrice) (D:3)
  4 orc wizards
  6 gnolls (D:5)
  4 adders
  A white imp (D:6)
  3 ribbon worms
  22 orcs
  9 endoplasms
  2 giant cockroaches
  5 hobgoblins
  3 jackals (D:5)
  4 quokkas
  8 ball pythons
  6 bats
  5 frilled lizards
  13 goblins
  10 kobolds
  4 rats
131 creatures vanquished.

Notes
Turn   | Place    | Note
-------+----------+-------------------------------------------
     0 | D:1      | Killerpretzel the Deep Elf Conjurer began the quest for the
                  | Orb.
     0 | D:1      | Reached XP level 1. HP: 10/10 MP: 6/6
   161 | D:1      | Reached XP level 2. HP: 15/15 MP: 5/8
   164 | D:1      | Learned a level 2 spell: Searing Ray
   251 | D:1      | Reached skill level 5 in Conjurations
   786 | D:2      | Reached XP level 3. HP: 19/19 MP: 6/9
   989 | D:2      | Found Cyrasoguna's Assorted Antiques.
  1638 | D:3      | Reached XP level 4. HP: 24/24 MP: 6/11
  1957 | D:3      | Noticed Natasha
  1964 | D:3      | Killed Natasha
  2069 | D:3      | Found a shadowy altar of Dithmenos.
  2098 | D:3      | Found a white marble altar of Elyvilon.
  2177 | D:3      | Noticed Natasha
  2183 | D:3      | Killed Natasha
  2462 | D:3      | Noticed Natasha
  2468 | D:3      | Killed Natasha
  2469 | D:3      | Reached skill level 5 in Spellcasting
  2469 | D:3      | Reached XP level 5. HP: 28/28 MP: 5/14
  2979 | D:4      | Found the +7 Spriggan's Knife {stab, EV+4 Stlth+}
  3228 | D:4      | Found Boilagie's Weapon Emporium.
  3228 | D:4      | Noticed a +0 triple crossbow
  3228 | D:4      | Noticed a +0 quick blade
  3599 | D:5      | Entered Level 5 of the Dungeon
  3681 | D:5      | Found a staircase to the Ecumenical Temple.
  3690 | Temple   | Entered the Ecumenical Temple
  3711 | Temple   | Became a worshipper of Vehumet
  3796 | D:5      | Found Jaures's Book Shoppe.
  3830 | D:5      | Reached XP level 6. HP: 32/32 MP: 13/17
  3924 | D:5      | Learned a level 4 spell: Iskenderun's Mystic Blast
  3947 | D:5      | Noticed Edmund
  3955 | D:5      | Noticed Sigmund
  4257 | D:5      | Reached XP level 7. HP: 36/36 MP: 12/19
  4557 | D:5      | Reached * piety under Vehumet
  4557 | D:5      | Offered knowledge of Kiss of Death by Vehumet.
  4592 | D:5      | Found a sacrificial altar of Ru.
  5636 | D:6      | Reached XP level 8. HP: 41/41 MP: 16/22
  5731 | D:6      | Learned a level 4 spell: Fulminant Prism
  6534 | D:7      | Reached skill level 1 in Translocations
  6689 | D:8      | Noticed a hornet
  6691 | D:8      | Slain by a hornet

Illustrated notes

Levels and vault maps discovered:
D:1:      spicycebolla_arrival_ecumenical, layout_basic
D:2:      layout_rooms, serial_shops, shop, minmay_misc_feat_columns,
          serial_bayou_crossing
D:3:      layout_basic, mainiacjoe_overflow_two_lobes, roderic_lattice_a,
          minivault_24, uniq_natasha
D:4:      layout_basic, serial_shops, nicolae_shop_mannequins
D:5:      layout_rooms, nicolae_ru_great_annihilating_truth, temple_hall,
          serial_shops, nicolae_shop_waterfront, sigmund_edmund_badplayer
D:6:      lemuel_castle_with_subvaults [lemuel_castle_interior_carwin_2],
          layout_loops_corners, serial_co_window_serial,
          co_window_of_opportunity_a, co_window_of_opportunity_a,
          co_window_paths_b, co_window_corner_a, co_window_paths_b,
          co_window_paths_a, co_window_paths_a, co_window_unsneaky_path_a,
          co_window_corner_b, co_window_unsneaky_path_b, co_window_corner_b,
          glass_columns_a
D:7:      layout_rooms, grunt_potential
D:8:      minmay_inner_zag, layout_cave_pools, serial_bayou,
          serial_bayou_ford_a, serial_bayou_pond_c, serial_bayou_shore_b,
          serial_bayou_lagoon_a, uniq_maggie
Temple:   regret_index_temple_mists

Skill      XL: |  1  2  3  4  5  6  7  8 |
---------------+-------------------------+-----
Conjurations   | 5 6 7 8 9 |  9.3
Spellcasting   | 5 6 8 9 |  9.4
Stealth        | 3 4 |  4.0
Translocations | 1 |  1.0
Fighting       | |  0.2
Dodging        | |  2.5
Shields        | |  0.4

Action                     |  1- 3 |  4- 6 |  7- 9 || total
---------------------------+-------+-------+-------++-------
  Melee: Dagger            |     2 |       |       ||     2
         Knife             |       |       |     1 ||     1
   Cast: Magic Dart        |    69 |    70 |    56 ||   195
         Searing Ray       |     1 |    20 |    25 ||    46
         Iskenderun's Myst |       |     1 |       ||     1
    Use: Scroll            |       |     8 |       ||     8
         Potion            |       |     2 |       ||     2
 Armour: Robe              |     1 |     6 |    16 ||    23
  Dodge: Dodged            |     2 |     8 |    15 ||    25
  Block: Other             |       |     2 |     4 ||     6
         Reflection        |       |       |     2 ||     2
